[Event "Late-Titled-Tuesday-Blitz-September-12-2023"]
[Site "Chess.com"]
[Date "2023.09.12"]
[Round "2"]
[White "Aleksandar-Topalov"]
[Black "Lennis93"]
[Result "0-1"]
[WhiteElo "2354"]
[BlackElo "2715"]
[TimeControl "180+1"]
[EndTime "14:17:28 PDT"]
[Termination "Lennis93 won on time"]

1. b3 e5 2. Bb2 Nc6 3. c4 Nf6 4. e3 a6 5. Nf3 d6 6. d4 e4 7. d5 exf3 8. dxc6 bxc6 9. Qxf3 d5 10. Nc3 Bb4 11. a3 Bd6 12. h3 Rb8 13. Qd1 O-O 14. Be2 a5 15. O-O Bf5 16. cxd5 cxd5 17. Nb5 Be7 18. Rc1 c5 19. Bxf6 gxf6 20. a4 Kh8 21. Bd3 Qd7 22. Bxf5 Qxf5 23. Qg4 Qe6 24. Rfd1 Rg8 25. Qf3 Rg5 26. Nc7 Qe5 27. Nxd5 Rxb3 28. Nf4 Kg7 29. Rd5 Qb2 30. Rcd1 Ra3 31. Nh5+ Kg6 32.
Nf4+ Kh6 33. Rxg5 fxg5 34. Qh5+ Kg7 35. Qg4 Qe5 36. Nh5+ Kg6 0-1

[Event "Late-Titled-Tuesday-Blitz-September-12-2023"]
[Site "Chess.com"]
[Date "2023.09.12"]
[Round "2"]
[White "MikeSailer"]
[Black "Ykow"]
[Result "0-1"]
[WhiteElo "2176"]
[BlackElo "2510"]
[TimeControl "180+1"]
[EndTime "14:17:28 PDT"]
[Termination "Ykow won on time"]

1. d4 Nf6 2. Nc3 d5 3. Bf4 c5 4.
e4 Nxe4 5. Nxe4 dxe4 6. dxc5 Nd7 7. b4 a5 8. a3 e5 9. Be3 axb4 10. axb4 Rxa1 11. Qxa1 Be7 12. Bc4 O-O 13. Ne2 Qc7 14. Qa2 b6 15. cxb6 Nxb6 16. Bb3 Bxb4+ 17. Kf1 Bg4 18.
h3 Ra8 19. Qb2 Bxe2+ 20. Kxe2 Nc4 21. Qc1 h6 22. Rd1 Bc3 23. Bxh6 e3 24. Bxe3 Ra1 25.
Qxa1 Bxa1 26. Rxa1 Nxe3 27. fxe3 Qc6 28. Kf2 Qf6+ 29.
Kg1 Qg5 30. Re1 e4 31. Re2 Kf8 32. Re1 Ke7 33. Re2 f5 34. Re1 Qg3 35. Re2 g5 36.
Kf1 Kd6 37. Kg1 Ke5 38. Kf1 f4 39. exf4+ gxf4 0-1

[Event "Late-Titled-Tuesday-Blitz-September-12-2023"]
[Site "Chess.com"]
[Date "2023.09.12"]
[Round "2"]
[White "econpower"]
[Black "KafkaesqueKnight"]
[Result "1-0"]
[WhiteElo "2764"]
[BlackElo "2399"]
[TimeControl "180+1"]
[EndTime "14:17:30 PDT"]
[Termination "econpower won on time"]

1. d4 Nf6 2. Nf3 d5 3. c4 e6 4. g3 dxc4 5. Bg2 c6 6. O-O Be7 7. Qc2 b5 8. e4 O-O 9. h4 Bb7 10.
Nc3 a6 11. e5 Nd5 12. Ne4 Nd7 13. Bg5 Nb4 14. Qe2 Nd3 15. b3 c5 16. bxc4 bxc4 17.
dxc5 N7xc5 18. Nxc5 Nxc5 19. Qxc4 Rc8 20. Rfd1 Bd5 21. Qg4 Nd7 22. Bh6 g6 23. Bxf8 Bxf8 24. Rac1 Rxc1 25. Rxc1 Bxa2 26. Qa4 Bd5 27. Qxa6 Qb6 28.
Qc8 Nc5 29. Ng5 Nd3 30. Rf1 Nxe5 31. Bxd5 exd5 32. Qe8 Qc7 33. Re1 Nd3 34. Rd1 h6 35. Nxf7 Nxf2 36. Nxh6+ Kg7 37. Kxf2 Qc2+ 38. Qe2 Bc5+ 39.
Kf1 Qc3 40. Ng4 Qxg3 41. Qe5+ Qxe5 42. Nxe5 1-0

[Event "Late-Titled-Tuesday-Blitz-September-12-2023"]
[Site "Chess.com"]
[Date "2023.09.12"]
[Round "2"]
[White "m_ezat"]
[Black "falzehope0"]
[Result "1-0"]
[WhiteElo "2662"]
[BlackElo "2393"]
[TimeControl "180+1"]
[EndTime "14:17:30 PDT"]
[Termination "m_ezat won by resignation"]

1. d4 e6 2. c4 d5 3. Nc3 f5 4. e3 c6 5. Qc2 Nf6 6. Bd3 Be7 7.
Nge2 O-O 8. f3 Na6 9. a3 Nc7 10. O-O Nh5 11. Bd2 Bd6 12. e4 Ne8 13. e5 Bc7 14. g4 Qh4 15. gxh5 Qxh5 16. Nf4 Qf7 17. h4 Kh8 18. Rf2 Bd8 19. Rh2 b6 20. Kh1 Bb7 21. Rg1 Be7 22. cxd5 exd5 23. h5 Nc7 24. Ng6+ Kg8 25. Bf4 Rfe8 26. Bxf5 Ne6 27. Ne2 Nxf4 28. Nexf4 Bd8 29. Nh4 Qc7 30. Bxh7+ Kh8 31. Bf5 Kg8 32.
h6 Re7 33. h7+ Kf7 34. Nhg6 Re6 35. Bxe6+ 1-0

[Event "Late-Titled-Tuesday-Blitz-September-12-2023"]
[Site "Chess.com"]
[Date "2023.09.12"]
[Round "2"]
[White "larsmandreassen"]
[Black "zverr1"]
[Result "0-1"]
[WhiteElo "2206"]
[BlackElo "2474"]
[TimeControl "180+1"]
[EndTime "14:17:31 PDT"]
[Termination "zverr1 won on time"]

1. d4 Nf6 2. Nf3 g6 3. c4 Bg7 4. Nc3 d5 5. cxd5 Nxd5 6. Na4 Bf5 7. Qb3 Nb6 8. Nc5 O-O 9. e4 Bg4 10. Be3 Nc6 11. Nxb7 Qc8 12. Nc5 Bxf3 13. gxf3 Nxd4 14. Qd1 Rd8 15. Rc1 Nf5 16. Qc2 Nxe3 17. fxe3 a5 18. h4 Nd7 19. Bh3 e6 20. Nd3 Qa6 21. Kf2 Rab8 22.
Rhd1 Nf6 23. b3 Nh5 24. e5 a4 25. Bg4 axb3 26. axb3 Qb6 27. Bxh5 gxh5 28. b4 Kh8 29. f4 Bf8 30. Qxc7 Qa6 31. Ke2 Rbc8 32. Qxf7 Rxc1 33. Qf6+ Kg8 34. Qg5+ Kf7 35. Qf6+ Ke8 0-1

[Event "Late-Titled-Tuesday-Blitz-September-12-2023"]
[Site "Chess.com"]
[Date "2023.09.12"]
[Round "2"]
[White "laiciffOneslraCsungaM"]
[Black "rookoco"]
[Result "0-1"]
[WhiteElo "2340"]
[BlackElo "2710"]
[TimeControl "180+1"]
[EndTime "14:17:32 PDT"]
[Termination "rookoco won by checkmate"]

1. d4 Nf6 2. c4 g6 3. g3 Bg7 4. Bg2 O-O 5. Nc3 d6 6. Nf3 Nbd7 7. O-O e5 8. e4 c6 9. h3 Qa5 10. Re1 Re8 11. d5 cxd5 12. cxd5 b5 13. Bd2 b4 14. Na4 Nc5 15. Nxc5 Qxc5 16. Rc1 Qb6 17. Be3 Qb7 18. Nd2 Bd7 19. Nc4 Bf8 20. Bg5 Kg7 21. Qf3 Ng8 22. h4 a5 23. h5 f6 24. hxg6 hxg6 25.
Be3 Ra6 26. a3 Be7 27. Bf1 Nh6 28. Bxh6+ Kxh6 29. Qd3 Ra7 30. Qe3+ Kg7 31. Nb6 Bg4 32. Rc6 f5 33. f3 Bh5 34. Rec1 Qb8 35. Rc8 Rxc8 36.
Rxc8 Qb7 37. Rc6 fxe4 38. g4 Bxg4 39. fxg4 Bd8 40. Nc4 Qf7 41. Nxd6 Qd7 42. Nxe4 Qxg4+ 43. Ng3 Rf7 44. Qxe5+ Kh7 45. Be2 Qh4 46. Rc8 Bb6+ 47. Kg2 Rf2+ 48. Kg1 Qh2# 0-1

[Event "Late-Titled-Tuesday-Blitz-September-12-2023"]
[Site "Chess.com"]
[Date "2023.09.12"]
[Round "2"]
[White "chessdjw"]
[Black "NovikovaGalina"]
[Result "0-1"]
[WhiteElo "2732"]
[BlackElo "2433"]
[TimeControl "180+1"]
[EndTime "14:17:33 PDT"]
[Termination "NovikovaGalina won on time"]

1. e4 e6 2. d4 d5 3. exd5 exd5 4. Nf3 Nf6 5. Bd3 Bg4 6. h3 Bh5 7. O-O Be7 8. Bf4 O-O 9. Nbd2 c6 10. Re1 Nbd7 11.
c3 Re8 12. Qc2 Bg6 13. Bxg6 hxg6 14. g4 Nf8 15. Bg3 Bd6 16. Ne5 Qc7 17. Kg2 N8d7 18.
f4 a5 19. a4 b6 20. Re3 c5 21. Qb3 cxd4 22. cxd4 Rac8 23. Rc3 Qb7 24. Qb5 Rxc3 25. bxc3 Rc8 26. g5 Bxe5 27. fxe5 Nh5 28. Ra3 Nxg3 29.
Kxg3 Nf8 30. Rb3 Ne6 31. h4 Rc6 32. Nf1 Qc7 33. Qd3 Rc4 34. Ne3 Rxa4 35. Nxd5 Qb7 36. c4 Kh7 37. Rxb6 Qc8 38. Ne3 Qd8 39. Rd6 Qb8 40. h5 Qb4 41. hxg6+ fxg6 42. Rxe6 Qe1+ 43. Kf3 Qh1+ 44. Kg3 Qh5 45. Ng4 Qxg5 46. d5 Ra1 0-1

[Event "Late-Titled-Tuesday-Blitz-September-12-2023"]
[Site "Chess.com"]
[Date "2023.09.12"]
[Round "2"]
[White "Emp3rador"]
[Black "WilliamAlfaroCaracas"]
[Result "1/2-1/2"]
[WhiteElo "2495"]
[BlackElo "2277"]
[TimeControl "180+1"]
[EndTime "14:17:33 PDT"]
[Termination "Game drawn by stalemate"]

1. e4 e5 2. Nf3 Nc6 3. d4 exd4 4.
Nxd4 Nf6 5. Nc3 Bb4 6. Nxc6 bxc6 7. Bd3 O-O 8. O-O d5 9. exd5 cxd5 10. Bg5 Bxc3 11.
bxc3 c5 12. c4 Be6 13. cxd5 Bxd5 14. Bxf6 Qxf6 15. Bxh7+ Kxh7 16. Qxd5 Rfd8 17. Qxc5 Rac8 18. Qxa7 Rxc2 19. a4 Rdd2 20. h3 Rxf2 21. Rxf2 Qxa1+ 22. Kh2 Rxf2 23. Qxf2 Qxa4 24. Qxf7 Qe4 25. Qf3 Qe5+ 26. Kg1 Qa1+ 27. Kf2 Qd4+ 28. Kg3 Qe5+ 29. Qf4 Qe1+ 30. Kh2 Qe6 31. h4 Kg8 32. Kg3 Qb3+ 33. Kg4 Qe6+ 34.
Kg5 Qh6+ 35. Kg4 Qg6+ 36. Kf3 Qd3+ 37. Qe3 Qd1+ 38. Kf4 Qd6+ 39. Qe5 Qh6+ 40. Kg3 Qg6+ 41. Kh3 Qd3+ 42. g3 Qf1+ 43. Kg4 Qd1+ 44. Kf4 Qd2+ 45.
Kf5 Qd3+ 46. Kg5 Qd2+ 47. Kg4 Qd1+ 48. Kf5 Qh5+ 49. Ke6 Qe8+ 50. Kd5 Qd8+ 51. Ke4 Qa8+ 52. Qd5+ Qxd5+ 53. Kxd5 Kf7 54. Ke5 Kg6 55. Kf4 Kh5 56.
Kf5 Kh6 57. g4 Kh7 58. Kg5 Kh8 59. Kg6 Kg8 60. g5 Kh8 61. Kf7 Kh7 62. h5 Kh8 63. h6 Kh7 64. hxg7 1/2-1/2

[Event "Late-Titled-Tuesday-Blitz-September-12-2023"]
[Site "Chess.com"]
[Date "2023.09.12"]
[Round "2"]
[White "sergiochess83"]
[Black "GameOverBro"]
[Result "1-0"]
[WhiteElo "2921"]
[BlackElo "2480"]
[TimeControl "180+1"]
[EndTime "14:17:34 PDT"]
[Termination "sergiochess83 won by resignation"]

1. d4 d6 2. e4 Nf6 3. Nc3 e5 4. Nf3 Nbd7 5. Bc4 Be7 6. a4 c6 7. O-O Qc7 8. Re1 h6 9. b3 Nf8 10. h3 Ng6 11. Bd3 O-O 12. Ne2 d5 13. Nxe5 Nxe5 14. dxe5 Nxe4 15. Bxe4 dxe4 16. Qd4 Bf5 17. Ng3 Rfd8 18. Qc3 Bg6 19. Nxe4 a5 20. Qg3 Rd4 21. f3 Re8 22. Bb2 Rd5 23. Kh2 Bxe4 24. Rxe4 Rd2 25. Rc1 Bf8 26. Bc3 Rd5 27. Rce1 Rc5 28. R1e3 Qd7 29. f4 Qd1 30. Qf2 Qd5 31. Rd4 Qe6 32. f5 Qc8 33. Rg4 Rxc3 34. Rxc3 Rxe5 35.
f6 g6 36. Re3 Rf5 37. Rf3 Bd6+ 38. Kh1 Rd5 39. Qe2 Rh5 40. Re4 Kh7 41. Re7 Bxe7 42. fxe7 Qe8 43. Rxf7+ Qxf7 44. e8=Q 1-0

[Event "Late-Titled-Tuesday-Blitz-September-12-2023"]
[Site "Chess.com"]
[Date "2023.09.12"]
[Round "2"]
[White "Ali_rastbod"]
[Black "GAO"]
[Result "1-0"]
[WhiteElo "2705"]
[BlackElo "2336"]
[TimeControl "180+1"]
[EndTime "14:17:35 PDT"]
[Termination "Ali_rastbod won on time"]

1. e4 c5 2. Nf3 Nc6 3. Bb5 g6 4. Bxc6 dxc6 5. d3 Bg7 6. h3 Nf6 7. Be3 b6 8. Nc3 Nd7 9. Qd2 h6 10. Nh2 e5 11. O-O Nf8 12. f4 exf4 13. Bxf4 Ne6 14.
Be3 Nd4 15. Rae1 Be6 16. e5 Qc7 17. Bxd4 cxd4 18. Ne4 Bxe5 19. Nf3 Bg7 20. Qb4 c5 21. Qb5+ Kf8 22. Qa4 Kg8 23. b4 Kh7 24. bxc5 bxc5 25. Nfd2 Rhb8 26. Qa3 Rb4 27. Nb3 Rab8 28. Nexc5 Bf8 29.
Nxe6 fxe6 30. Rxf8 Qc3 31. Ref1 Rxf8 32. Rxf8 Qe1+ 33.
Rf1 Qe3+ 34. Kh1 Rb7 35. Qf8 Rg7 36. Rf7 Qe1+ 37. Rf1 Qe3 38. Nc5 h5 39. Ne4 1-0

[Event "Late-Titled-Tuesday-Blitz-September-12-2023"]
[Site "Chess.com"]
[Date "2023.09.12"]
[Round "2"]
[White "ljm509"]
[Black "Abund"]
[Result "0-1"]
[WhiteElo "2373"]
[BlackElo "2743"]
[TimeControl "180+1"]
[EndTime "14:17:36 PDT"]
[Termination "Abund won by resignation"]

1. e4 e5 2. Nf3 Nc6 3. Bc4 Bc5 4. d3 Nf6 5. O-O O-O 6. c3 d5 7. exd5 Nxd5 8. h3 Bf5 9. Re1 Nb6 10. Bb5 Ne7 11.
Nxe5 c6 12. Ba4 Nxa4 13. Qxa4 Bxd3 14. Nxd3 Qxd3 15. Nd2 Rae8 16. Nf3 Nd5 17. Rxe8 Rxe8 18. Bg5 h6 19. Bh4 Re2 20. Qb3 Bb6 21. c4 Qxb3 22.
axb3 Nb4 23. Re1 Rxb2 24. Re8+ Kh7 25. Re7 Nd3 26. Rxf7 Nxf2 27. Kh2 Ne4 28. Rxb7 Rxb3 29. Ne5 Bg1+ 30. Kxg1 Rxb7 31. Nxc6 Rc7 32. Na5 Rc5 33. Be1 Rf5 34. Bb4 a6 35. Nb7 Rf7 36. Na5 Rf5 37. Nb7 Rf7 38. Na5 g5 39. Nb7 Rxb7 40. Be1 Rb1 41.
Kf1 Nd2+ 42. Ke2 Nxc4 43. Bc3 Rb8 0-1

[Event "Late-Titled-Tuesday-Blitz-September-12-2023"]
[Site "Chess.com"]
[Date "2023.09.12"]
[Round "2"]
[White "thedjoker98"]
[Black "Jenia84"]
[Result "1-0"]
[WhiteElo "2611"]
[BlackElo "2361"]
[TimeControl "180+1"]
[EndTime "14:17:36 PDT"]
[Termination "thedjoker98 won by resignation"]

1. d4 Nf6 2. c4 e6 3. Nc3 Bb4 4. g3 O-O 5. Bg2 d5 6. Nf3 b6 7.
O-O Ba6 8. cxd5 exd5 9. Bg5 Bxc3 10. bxc3 Nbd7 11. Ne5 h6 12. Nxd7 Qxd7 13. Bxf6 gxf6 14. e4 Bxf1 15. Kxf1 Rfe8 16. exd5 Qf5 17. c4 Re7 18. d6 Re4 19. Qf3 Qxf3 20. Bxf3 f5 21. Bxe4 fxe4 22. dxc7 Rc8 23. Rc1 Rxc7 24. Ke2 f5 25. Ke3 Kf7 26. d5 Kf6 27. Kd4 Rc5 28. h4 h5 29. a3 Ra5 30.
c5 Ra4+ 31. Rc4 bxc5+ 32. Kxc5 Rxa3 33. Kc6 Rd3 34. Rc5 Rd2 35. Kc7 Rxf2 36. d6 e3 37. d7 Rd2 38. d8=Q+ Rxd8 39. Kxd8 e2 40. Rc1 f4 41. gxf4 Kf5 42. Re1 Kxf4 43. Rxe2 a5 44. Ke7 a4 45. Kd6 Kg3 46. Ke5 a3 47. Ke4 Kxh4 48.
Kf3 Kg5 49. Ra2 1-0

[Event "Late-Titled-Tuesday-Blitz-September-12-2023"]
[Site "Chess.com"]
[Date "2023.09.12"]
[Round "2"]
[White "TatjanaVasilevich"]
[Black "Msb2"]
[Result "0-1"]
[WhiteElo "2596"]
[BlackElo "3112"]
[TimeControl "180+1"]
[EndTime "14:17:37 PDT"]
[Termination "Msb2 won by checkmate"]

1. e4 e6 2. d4 d5 3. exd5 exd5 4. Bd3 Nc6 5. c3 Bd6 6. Ne2 Nge7 7. O-O Bg4 8. Qc2 Qd7 9. b4 h6 10. a4 O-O 11. f3 Bf5 12. Bf4 Bxd3 13. Qxd3 Ng6 14.
Bxd6 Qxd6 15. Nd2 Rae8 16. f4 Qf6 17. f5 Nge7 18. Ng3 Nc8 19. Qf3 Qg5 20. Nb3 Re3 21. Qxd5 Rxc3 22. Nc5 Nb6 23. Qe4 Re3 24. Qf4 Qxf4 25.
Rxf4 Nd5 26. Rf2 b6 27. Na6 Ncxb4 28. Nxb4 Nxb4 29. f6 Rfe8 30. Rff1 g6 31. Rac1 Nd5 32. a5 R3e6 33. axb6 axb6 34. h4 h5 35. Kh2 c6 36.
Rb1 b5 37. Rbc1 Nxf6 38. Rc5 Ng4+ 39. Kh3 Rd8 40. Rf4 Ne3 41. Re4 Rxe4 42. Nxe4 Rxd4 43. Nf6+ Kg7 44. Rxc6 Nf5 45. g3 Rd3 46. Ne4 Re3 47. Ng5 Rxg3+ 48. Kh2 Rg4 49. Rc7 Rxh4+ 50. Nh3 b4 51. Kg2 Rg4+ 52. Kf2 h4 53. Rb7 Nd6 54. Rb8 Ne4+ 55. Kf3 Rg3+ 56. Kxe4 Rxh3 57. Rxb4 Rh1 58. Kf4 Kh6 59. Kg4 f5+ 60. Kf3 Kg5 61. Rb6 Rh3+ 62.
Kg2 Rg3+ 63. Kh2 Ra3 64. Rc6 Kh5 65. Rf6 Ra2+ 66. Kh3 Ra3+ 67. Kh2 Rf3 68. Kg2 Rf4 69. Kh3 g5 70. Rh6+ Kxh6 71. Kh2 Rf3 72. Kg2 g4 73. Kh2 Kg5 74. Kg2 f4 75. Kh2 Kf5 76. Kg1 Ke5 77.
Kg2 Ke6 78. Kh2 Ke7 79. Kh1 Ke8 80. Kg2 Kf8 81. Kh2 Kg8 82. Kg1 Kh8 83. Kh2 Kh7 84.
Kg2 Kh6 85. Kh2 Kh5 86. Kg2 h3+ 87. Kh2 Ra3 88. Kh1 Ra2 89. Kg1 g3 90. Kh1 f3 91.
Kg1 Kg5 92. Kh1 Re2 93. Kg1 Kf5 94. Kh1 Ke6 95. Kg1 Kd7 96. Kh1 Kc8 97. Kg1 Kb7 98.
Kh1 Ka6 99. Kg1 Kb5 100. Kh1 Kb4 101. Kg1 Kc3 102. Kh1 Kd2 103. Kg1 Ke3 104. Kh1 Re1# 0-1

[Event "Late-Titled-Tuesday-Blitz-September-12-2023"]
[Site "Chess.com"]
[Date "2023.09.12"]
[Round "2"]
[White "Der_Honigdachs"]
[Black "tptagain"]
[Result "0-1"]
[WhiteElo "2529"]
[BlackElo "2938"]
[TimeControl "180+1"]
[EndTime "14:17:37 PDT"]
[Termination "tptagain won by resignation"]

1. d4 d5 2. c4 e6 3. Nf3 c6 4. Qc2 dxc4 5. Qxc4 b5 6. Qb3 Bb7 7. g3 a6 8. Bg2 c5 9. dxc5 Nd7 10. O-O Nxc5 11. Qe3 Nf6 12. Nc3 b4 13. Rd1 Qa5 14. Nb1 Be7 15. Nbd2 Rd8 16. Ne5 Bxg2 17.
Kxg2 Qb5 18. Qf3 Rd5 19. Nec4 h5 20. e4 Rd3 21. Qe2 h4 22. b3 h3+ 23. Kg1 O-O 24.
Bb2 Rfd8 25. e5 Qb7 26. f3 Nd5 27. Ne4 Nc3 28. Bxc3 Rxd1+ 29. Rxd1 Rxd1+ 30. Qxd1 Nxe4 31. Be1 Ng5 32. Nd2 Bc5+ 33. Kf1 Be3 34. Nc4 Nxf3 35. Qd8+ Kh7 36. Nxe3 Nxh2+ 37. Ke2 Qf3+ 38. Kd2 Qe4 39. Qh4+ Qxh4 40. gxh4 Nf3+ 41. Ke2 h2 42. Kxf3 h1=Q+ 43. Ke2 Qe4 44. Bg3 Qb1 45. Kf3 Qxa2 0-1

[Event "Late-Titled-Tuesday-Blitz-September-12-2023"]
[Site "Chess.com"]
[Date "2023.09.12"]
[Round "2"]
[White "Mindhunter08"]
[Black "PassedPawnMustPushed"]
[Result "1-0"]
[WhiteElo "2450"]
[BlackElo "2131"]
[TimeControl "180+1"]
[EndTime "14:17:38 PDT"]
[Termination "Mindhunter08 won on time"]

1. e4 Nf6 2. e5 Ng8 3. Nf3 d6 4. d4 Bg4 5. Bc4 d5 6. Be2 e6 7. h3 Bxf3 8. Bxf3 c5 9. c3 Nc6 10. Be3 Nge7 11. g4 Ng6 12. O-O h5 13. gxh5 Nh4 14. Bg4 f5 15. exf6 Qxf6 16. Nd2 Bd6 17. Nf3 Kd7 18. Nxh4 Qxh4 19. Qf3 Raf8 20. Qxd5 Qxg4+ 21. hxg4 exd5 22. dxc5 Bf4 23. Rad1 Bxe3 24.
Rxd5+ Ke6 25. Rd6+ Ke5 26. fxe3 Rxf1+ 27. Kxf1 Rf8+ 28. Ke2 Rf7 29. b4 a6 30. a4 Re7 31.
Rg6 Kd5 32. g5 Kc4 33. h6 gxh6 34. gxh6 Rh7 35. Kd2 Rd7+ 36. Rd6 Rh7 37. e4 Ne5 38.
Re6 Nf3+ 39. Ke3 Ng5 40. Rg6 Nf7 41. Rg7 Rxh6 42. Rxf7 Rh3+ 43. Kf4 Rh4+ 44. Ke5 Rh5+ 45. Kd6 Rh6+ 46. Kc7 Kxc3 47. Kxb7 Kxb4 48. c6 Kxa4 49.
c7 Kb5 50. c8=Q Rb6+ 51. Ka7 1-0

[Event "Late-Titled-Tuesday-Blitz-September-12-2023"]
[Site "Chess.com"]
[Date "2023.09.12"]
[Round "2"]
[White "mbojan"]
[Black "Nick12772"]
[Result "1-0"]
[WhiteElo "2776"]
[BlackElo "2416"]
[TimeControl "180+1"]
[EndTime "14:17:39 PDT"]
[Termination "mbojan won on time"]

1. a3 Nf6 2. c4 g6 3. b4 Bg7 4.
Bb2 O-O 5. Nf3 b6 6. e3 Bb7 7. Be2 a5 8. b5 d5 9. cxd5 Bxd5 10. O-O c5 11. Nc3 Bb7 12. Ne5 Nbd7 13. Nc4 Qc7 14. Bf3 Rad8 15. Bxb7 Qxb7 16. Qf3 Qxf3 17. gxf3 e6 18.
Na4 Rb8 19. Bxf6 Bxf6 20. Rab1 Rfd8 21. f4 Be7 22. Kg2 Rb7 23. Kf3 Rdb8 24. Ke2 Bf6 25. h3 e5 26. f5 Kg7 27. Rg1 Bd8 28. Nd6 Ra7 29. Nc3 Nf6 30. Nce4 Nxe4 31. Nxe4 Rd7 32. Rg4 Be7 33. a4 Rbd8 34. Rb3 Kf8 35. f6 Bd6 36. Rc3 h5 37. Rg1 Bc7 38. Rgc1 Bd6 39. R1c2 Kg8 40. Rc1 Kf8 41. Rd3 Kg8 42. Rd5 Bc7 43. Rxd7 Rxd7 44.
Rc3 Kf8 45. Rd3 Rxd3 46. Kxd3 Ke8 47. Kc4 Kd7 48. Kd5 Bb8 49. Ng5 Ke8 50. Kc6 e4 51. Nxe4 1-0

[Event "Late-Titled-Tuesday-Blitz-September-12-2023"]
[Site "Chess.com"]
[Date "2023.09.12"]
[Round "2"]
[White "Nor1lsk"]
[Black "andrzej"]
[Result "1-0"]
[WhiteElo "2754"]
[BlackElo "2411"]
[TimeControl "180+1"]
[EndTime "14:17:40 PDT"]
[Termination "Nor1lsk won by checkmate"]

1. e4 e5 2. Nf3 Nf6 3. Nc3 Bb4 4.
Bc4 Bxc3 5. dxc3 d6 6. Qe2 h6 7. h3 Nbd7 8. Bd2 Nc5 9. Bd3 Be6 10. O-O a5 11. b3 O-O 12. c4 Nh7 13. c3 Qf6 14.
Bc2 Bd7 15. Kh1 Ne6 16. g3 Nhg5 17. Nxg5 hxg5 18. Kg2 g6 19. Rad1 Kg7 20. Be3 Rh8 21. Rh1 Rh7 22. c5 Rah8 23. cxd6 cxd6 24. g4 Rh4 25. f3 Nf4+ 26. Bxf4 gxf4 27. Qd2 Rc8 28. c4 Rc6 29. Qf2 g5 30. Qa7 Qd8 31.
Qxb7 Rc7 32. Qb6 Qc8 33. Qxd6 f6 34. Qe7+ Kg6 35. Rd6 Qh8 36. Rxd7 Rxd7 37. Qxd7 Qb8 38. Rd1 Qb6 39. Qe8+ Kh6 40. Qf8+ Kg6 41. Rd6 Qe3 42. Qxf6+ Kh7 43. Rd7+ Kg8 44. Qg7# 1-0

[Event "Late-Titled-Tuesday-Blitz-September-12-2023"]
[Site "Chess.com"]
[Date "2023.09.12"]
[Round "2"]
[White "MajorCoast"]
[Black "Ducke13"]
[Result "0-1"]
[WhiteElo "2283"]
[BlackElo "2510"]
[TimeControl "180+1"]
[EndTime "14:17:42 PDT"]
[Termination "Ducke13 won by checkmate"]

1. d4 Nf6 2. Nf3 g6 3. Nbd2 c5 4. dxc5 Na6 5. e4 Nxc5 6. e5 Nd5 7. Bc4 Nb6 8. Bxf7+ Kxf7 9. Ng5+ Kg7 10. Qf3 Qe8 11.
Qc3 e6 12. h4 Nd5 13. Qh3 h6 14.
Nge4 b6 15. h5 g5 16. c4 Nf4 17. Qg4 Ncd3+ 18. Kf1 Bb7 19. Nxg5 hxg5 20. Qxg5+ Kh7 21.
Nf3 Bh6 22. Qf6 Bxf3 23. gxf3 Rf8 24. Qh4 Qf7 25. Rg1 Rg8 26. Bxf4 Nxf4 27. Rxg8 Rxg8 28. Ke1 Rg1+ 29. Kd2 Rxa1 30. Kc3 Rc1+ 31. Kb4 b5 32. a4 Rxc4+ 33. Ka5 Rc2 34. Ka6 Rxb2 35. Kb7 bxa4+ 36. Ka8 a3 37. Qd8 Qg7 38. Qc8 a2 39. Qe8 a1=Q 40. Qg6+ Qxg6 41. hxg6+ Kg8 42. g7 Rb8+ 43. Kxb8 Kxg7 44.
Ka8 Bg5 45. Kb8 Kg6 46. Ka8 Kf5 47. Kb8 a6 48. Ka8 a5 49. Kb8 a4 50. Ka8 a3 51.
Kb8 a2 52. Ka8 Qb1 53. Ka7 a1=Q# 0-1

[Event "Late-Titled-Tuesday-Blitz-September-12-2023"]
[Site "Chess.com"]
[Date "2023.09.12"]
[Round "2"]
[White "Fandorine"]
[Black "Defend1r"]
[Result "1-0"]
[WhiteElo "2901"]
[BlackElo "2521"]
[TimeControl "180+1"]
[EndTime "14:17:44 PDT"]
[Termination "Fandorine won by resignation"]

1. Nf3 Nf6 2. c4 e6 3. g3 d5 4. Bg2 dxc4 5. O-O a6 6. Qc2 Nbd7 7. a4 Nd5 8. Qxc4 b5 9. Qc2 Bb7 10. d3 c5 11. Nc3 Qb6 12. Qb3 c4 13. dxc4 Nc5 14.
Nxd5 Bxd5 15. Qc2 bxc4 16. Be3 Qb7 17. Nh4 Bxg2 18. Nxg2 Rc8 19. Nf4 Nb3 20. Rad1 Be7 21. Nh5 O-O 22. Qc3 f6 23. Nf4 Bb4 24. Qc2 Rfe8 25. h4 Na5 26. h5 c3 27. bxc3 Rxc3 28. Qb1 Rb3 29. Qc2 Rc8 30. Qa2 Kf7 31. Rb1 Bd6 32.
Bd2 Rb8 33. Bxa5 Rxb1 34. Qxe6+ Kf8 35. Qxd6+ Kg8 36. Rxb1 Qxb1+ 37. Kg2 Qe4+ 38. f3 Qe8 39. h6 Rb2 40. Bb6 gxh6 41. Qxf6 Rb4 42. Bd4 Qf8 43. Qh8+ Kf7 44. Qxh7+ Ke8 45. Qe4+ Qe7 46. Qxe7+ Kxe7 47. Bc5+ Kd7 48. Bxb4 Kc6 49. a5 Kb5 50. Be1 1-0

[Event "Late-Titled-Tuesday-Blitz-September-12-2023"]
[Site "Chess.com"]
[Date "2023.09.12"]
[Round "2"]
[White "miraitrunks"]
[Black "CarlosjPineror"]
[Result "0-1"]
[WhiteElo "2113"]
[BlackElo "2439"]
[TimeControl "180+1"]
[EndTime "14:17:44 PDT"]
[Termination "CarlosjPineror won on time"]

1. e4 c5 2. Nc3 e6 3. Nge2 a6 4. a4 Nc6 5. d4 cxd4 6. Nxd4 Qc7 7. Be3 Nf6 8. g3 Ne5 9. f4 Nc4 10. Bxc4 Qxc4 11. Qe2 Qxe2+ 12. Kxe2 d6 13. Rad1 Bd7 14. h3 Be7 15. e5 dxe5 16. fxe5 Nh5 17. Kf2 g6 18.
Ne4 O-O 19. g4 Ng7 20. Bh6 Rfd8 21. Rd2 Bxa4 22. Rhd1 Rac8 23. b3 Bc6 24. Nxc6 bxc6 25. Rd7 Bh4+ 26. Kf3 Ne8 27. g5 Rxd7 28. Rxd7 Be1 29.
Ra7 a5 30. Nd6 Nxd6 31. exd6 Bb4 32. d7 Rd8 33. Ke4 Bd6 34. Rxa5 f5+ 35. gxf6 Kf7 36.
Bg5 Rxd7 37. Ra8 Bf8 38. Bf4 Bd6 39. Bxd6 Rxd6 0-1

[Event "Late-Titled-Tuesday-Blitz-September-12-2023"]
[Site "Chess.com"]
[Date "2023.09.12"]
[Round "2"]
[White "BogdanDeac"]
[Black "angryspacevoid"]
[Result "1-0"]
[WhiteElo "2939"]
[BlackElo "2531"]
[TimeControl "180+1"]
[EndTime "14:17:46 PDT"]
[Termination "BogdanDeac won by checkmate"]

1. b3 e5 2. Bb2 Nc6 3. Nf3 e4 4.
Nd4 Nxd4 5. Bxd4 d5 6. e3 Bf5 7. Bb2 Nf6 8. c4 Be7 9. Be2 dxc4 10. Bxc4 Qd7 11. Nc3 O-O-O 12. h3 g5 13. Qc2 g4 14.
hxg4 Bxg4 15. Be2 Qf5 16. Nb5 Rd7 17. Nd4 Qg6 18. f3 Be6 19. O-O-O Bd5 20. f4 h5 21. g4 Nxg4 22. Bxg4 Qxg4 23. Rdg1 Rg8 24. Rxg4 hxg4 25. Nf5 Bd8 26. Ng3 Rg6 27. Kb1 Rc6 28. Qd1 a5 29. Rh8 b6 30. Qxg4 Be6 31. f5 Bd5 32.
Bc3 Kb7 33. Nxe4 Be7 34. f6 Be6 35. fxe7 Rxe7 36. Qf4 Bd5 37. Nf6 Be6 38. Qg5 Rc5 39. Qg8 Kc6 40. Qa8+ Kd6 41. Ne4+ Kd7 42. Nxc5+ bxc5 43.
Rd8# 1-0

[Event "Late-Titled-Tuesday-Blitz-September-12-2023"]
[Site "Chess.com"]
[Date "2023.09.12"]
[Round "2"]
[White "Pingah9"]
[Black "Garmendiarov"]
[Result "0-1"]
[WhiteElo "2548"]
[BlackElo "2351"]
[TimeControl "180+1"]
[EndTime "14:17:48 PDT"]
[Termination "Garmendiarov won by resignation"]

1. e4 c5 2. Nc3 d6 3. Nge2 Nf6 4.
d4 cxd4 5. Nxd4 a6 6. Bg5 e6 7. f4 Be7 8. Qf3 Qc7 9. O-O-O Nbd7 10. g4 h6 11. Bxf6 Bxf6 12. Bg2 Nb6 13. h4 Bd7 14. g5 Be7 15. g6 fxg6 16. Bh3 O-O-O 17. Nxe6 Bxe6 18.
Bxe6+ Kb8 19. Qg3 Bf6 20. Rd3 g5 21. hxg5 hxg5 22. Rhd1 gxf4 23. Qxf4 Be5 24. Qg4 Rh2 25. Kb1 Rf8 26. Bb3 Rff2 27. a4 Nc4 28. Qe6 Nxb2 29. Kxb2 Qb6 30. Qg8+ Ka7 31. Ka1 Rxc2 32. Bxc2 Rxc2 33.
Rb1 Qc5 34. Qb3 Bxc3+ 35. Rxc3 Qxc3+ 36. Qxc3 Rxc3 37. Rg1 Ra3+ 38. Kb2 Rxa4 39. Rxg7 Rxe4 40. Rd7 Rd4 41. Kc3 Rd1 42. Kc2 Rd5 43. Kc3 Kb6 44.
Kc4 Kc6 45. Rd8 Rc5+ 46. Kd4 b5 47. Ra8 Kb7 48. Rd8 Kc7 49. Ra8 Rc6 50. Kd5 Rc5+ 51. Kd4 Kb6 52. Rb8+ Ka5 53. Rd8 Rc1 54. Ke3 b4 55.
Kd2 Rc6 56. Rb8 Ka4 0-1

[Event "Late-Titled-Tuesday-Blitz-September-12-2023"]
[Site "Chess.com"]
[Date "2023.09.12"]
[Round "2"]
[White "temus_galaktionov"]
[Black "Levanzovsky"]
[Result "1-0"]
[WhiteElo "2825"]
[BlackElo "2477"]
[TimeControl "180+1"]
[EndTime "14:17:49 PDT"]
[Termination "temus_galaktionov won on time"]

1. d4 Nf6 2. Nf3 c5 3. c4 cxd4 4. Nxd4 e5 5. Nf3 Nc6 6. Nc3 Bb4 7. Bd2 O-O 8. e3 e4 9. Ng5 Re8 10. Qc2 Qe7 11. a3 Ba5 12. b4 Bc7 13. h4 h6 14. Nh3 d5 15. cxd5 Ne5 16. Nf4 Bf5 17.
Nb5 Bb6 18. Be2 Rac8 19. Qb3 a6 20. Nc3 Nd3+ 21. Nxd3 exd3 22. Bf3 Bg4 23. Qd1 Qd7 24. Bxg4 Nxg4 25. Rc1 h5 26. Rh3 Qd6 27. Kf1 a5 28.
Qa4 axb4 29. axb4 Ra8 30. Qb5 Qg6 31. Kg1 Rac8 32. Rf3 Ne5 33. Rg3 Qf6 34. Ne4 Rxc1+ 35. Bxc1 Qd8 36. Bb2 d2 37. Nxd2 Ng6 38. Rg5 Bc7 39.
Nc4 Be5 40. Nxe5 Nxe5 41. Rxh5 Ng6 42. Rg5 Qe7 43. Rg4 1-0